 Dungeon Crawl Stone Soup version 0.31-a0-1002-g8e65716e6e (webtiles) character file.

Game seed: 10810846571347959509

277 Malachi the Ruffian (level 6, -6/47 HPs)
             Began as a Demonspawn Shapeshifter on Nov 9, 2023.
             Was a Believer of Makhleb.
             Mangled by an ogre
             ... wielding a +0 giant club
              (21 damage)
             ... on level 4 of the Dungeon.
             The game lasted 00:03:46 (3671 turns).

Malachi the Ruffian (Demonspawn Shapeshifter)       Turns: 3671, Time: 00:03:47

Health: -6/47      AC: 12    Str: 16    XL:     6   Next: 4%
Magic:  6/6        EV:  7    Int: 12    God:    Makhleb [**....]
Gold:   149        SH:  4    Dex: 12    Spells: 5/5 levels left

rFire   . .          .
                       - Unarmed
rCold   . . .        (no shield)
rNeg    . . .        f - +1 chain mail
rPois   .            (helmet currently unavailable)
rElec   .            (cloak currently unavailable)
rCorr   .            (gloves currently unavailable)
SInv    .            (boots currently unavailable)
Will    .....        (no amulet) Stlth
                     (no ring)
HPRegen 0.27/turn    (no ring)
MPRegen 0.10/turn

%: no passive effects
@: beast-form
A: beast (slay +2), hooves 1, thin metallic scales 2, condensation shield
a: Begin Untransformation, Renounce Religion, Minor Destruction


You were on level 4 of the Dungeon.
You worshipped Makhleb.
Makhleb was pleased with you.
You were a hulking beast.
You visited 1 branch of the dungeon, and saw 4 of its levels.
You also visited: Sewer.

You collected 149 gold pieces.

Inventory:

Hand Weapons
 o - a +2 flail of protection
Missiles
 a - 6 datura-tipped darts
Armour
 f - a +1 chain mail (worn)
 s - an orb of wrath
 t - a +0 pair of boots
Jewellery
 r - a ring of flight
Talismans
 c - a beast talisman
 d - a flux talisman
Scrolls
 g - a scroll of immolation
 k - a scroll of teleportation
 m - a scroll of silence {unknown}
 p - 4 scrolls of fog
 q - a scroll of fear
Potions
 b - a potion of heal wounds {unknown}
 e - a potion of brilliance
 h - a potion of ambrosia {unknown}
 i - a potion of magic {unknown}
 j - a potion of cancellation {unknown}
 l - a potion of curing {unknown}
 n - a potion of haste {unknown}


   Skills:
 + Level 3.5 Fighting
 - Level 1.9 Dodging
 + Level 4.1 Unarmed Combat
 + Level 3.9 Shapeshifting


You had 5 spell levels left.
You didn't know any spells.
Your spell library contained the following spells:

 Spells                   Type           Power      Damage    Failure   Level
 Shock                    Conj/Air       0%         1d3       99%         1
 Dazzling Flash           Conj/Hex       0%         N/A       100%        3
 Gell's Gravitas          Tloc           0%         N/A       100%        3
 Swiftness                Air            0%         N/A       100%        3
 Teleport Other           Tloc           0%         N/A       100%        3
 Volatile Blastmotes      Fire/Tloc      0%         2d10      100%        3
 Airstrike                Air            0%         2d(0-16)  100%        4
 Dispersal                Tloc           0%         N/A       100%        6
 Starburst                Conj/Fire      0%         6d3       100%        6
 Maxwell's Capacitive Co  Air            0%         ∞         100%        8


Dungeon Overview and Level Annotations

Branches:
Dungeon (4/15)              Sewer (visited)
 Temple: D:4-7

Altars:
Dithmenos
Makhleb
Trog
Vehumet


Innate Abilities, Weirdness & Mutations

You are a hulking beast.
Your limbs bulge with bestial killing power. (Slay +2)
You have large cloven feet.
You are mostly covered in thin metallic scales. (AC +3)
A meltable shield of frost defends you. (SH +4)


Message History

You kill the iguana!
Makhleb accepts your kill. You block the quokka's attack.
You have reached level 6!
Your demonic ancestry asserts itself...
Your feet thicken and deform.
You punch the quokka!
You kill the quokka!
Makhleb accepts your kill.
You feel better.
No target in view!
No target in view!
No target in view!
No target in view!
An ogre comes into view. It is wielding a +0 giant club.
An ogre is nearby!
An ogre is nearby!
An ogre is nearby!
You see here an iguana corpse.
You barely miss the ogre. The ogre hits you with a +0 giant club.
You closely miss the ogre. You kick the ogre, but do no damage.
You block the ogre's attack.
You punch the ogre! Your kick misses the ogre. Your punch misses the ogre.
The ogre is moderately wounded.
You barely miss the ogre. You kick the ogre.
The ogre is moderately wounded.
The ogre hits you with a +0 giant club!
* * * LOW HITPOINT WARNING * * *
You are too injured to fight recklessly!
You are too injured to fight recklessly!
You are too injured to fight recklessly!
You closely miss the ogre.
The ogre is moderately wounded.
You hit the ogre. You kick the ogre.
The ogre is heavily wounded.
The ogre hits you but does no damage.
You hit the ogre. You kick the ogre.
The ogre is almost dead.
The ogre hits you with a +0 giant club!!
You die...

#.# #.# #.# #.#
#######.#######
####.............###
...............$.†.#
.###.###.....###.#.#
.# #.# #.....# #h#
## #.# #.....# #O#
#.# ##......... #.#
##....##.## #..
........# ###
##....#### .....


You could see an ogre.

Vanquished Creatures
  Pargi (Sewer)
  An iguana (D:4)
  Terence (D:3)
  An orc wizard (D:4)
  3 adders
  A worm (D:2)
  3 dart slugs
  4 orcs (D:4)
  6 endoplasms
  4 giant cockroaches
  4 goblins
  9 hobgoblins
  3 jackals (D:4)
  3 quokkas
  5 ball pythons
  7 bats
  5 frilled lizards
  9 kobolds
  6 rats
76 creatures vanquished.

Notes
Turn   | Place    | Note
-------+----------+-------------------------------------------
     0 | D:1      | Malachi the Demonspawn Shapeshifter began the quest for the
                  | Orb.
     0 | D:1      | Reached XP level 1. HP: 15/15 MP: 1/1
   120 | D:1      | Gained mutation: A meltable shield of frost defends you.
                  | (SH +4) [demonic ancestry]
   120 | D:1      | Reached XP level 2. HP: 14/21 MP: 2/2
   380 | D:1      | Reached skill level 3 in Unarmed Combat
   769 | D:2      | Reached XP level 3. HP: 27/27 MP: 3/3
  1909 | D:3      | Noticed Terence
  1923 | D:3      | Killed Terence
  1924 | D:3      | Gained mutation: You are partially covered in thin metallic
                  | scales. (AC +2) [demonic ancestry]
  1924 | D:3      | Reached XP level 4. HP: 31/34 MP: 4/4
  2019 | D:3      | Found a faded altar of an unknown god.
  2024 | D:3      | Found a shadowy altar of Dithmenos.
  2028 | D:3      | Prayed at the altar of an unknown god.
  2028 | D:3      | Became a worshipper of Makhleb the Destroyer
  2028 | D:3      | Reached * piety under Makhleb
  2179 | D:3      | Found a glowing drain.
  2214 | Sewer    | Entered a sewer
  2300 | Sewer    | Noticed Pargi
  2315 | Sewer    | Killed Pargi
  2316 | Sewer    | Gained mutation: You are mostly covered in thin metallic
                  | scales. (AC +3) [demonic ancestry]
  2316 | Sewer    | Reached XP level 5. HP: 27/41 MP: 5/5
  2933 | D:3      | Found a bloodstained altar of Trog.
  2991 | D:3      | Found a radiant altar of Vehumet.
  3433 | D:4      | Reached skill level 4 in Unarmed Combat
  3485 | D:4      | Reached ** piety under Makhleb
  3634 | D:4      | Gained mutation: You have large cloven feet. [demonic
                  | ancestry]
  3634 | D:4      | Reached XP level 6. HP: 25/47 MP: 6/6
  3671 | D:4      | Mangled by an ogre

Illustrated notes

Levels and vault maps discovered:
D:1:      minmay_arrival_open_corners, layout_rooms, serial_co_window_serial,
          co_window_paths_a, co_window_corner_a, co_window_paths_a,
          co_window_paths_b, co_window_paths_b, co_window_unsneaky_path_a,
          co_window_broadway_a, co_window_cross_2, glass_columns_c,
          glass_columns_c, glass_columns_a
D:2:      layout_loops_corners, basic_altar, chequers_mini_garden,
          corexii_leaking_fountain, minmay_diced_spiral
D:3:      layout_basic, nicolae_vehumet_radiance,
          nicolae_overflow_ecumenical_swirl, lemuel_doored_altar,
          trog_hazing_becter, cheibrodos_sewer_entry_drain, uniq_terence
D:4:      layout_loops_ring, lemuel_temple_firewalk_b, hex_tiny, uniq_eustachio

Skill      XL: |  1  2  3  4  5 |
---------------+----------------+-----
Unarmed Combat | 3 4 |  4.1
Shapeshifting  | 3 |  3.9
Fighting       | 2 3 |  3.5
Dodging        | |  1.9

Action                     |  1- 3 |  4- 6 || total
---------------------------+-------+-------++-------
  Melee: Unarmed           |   128 |   135 ||   263
         Punch             |     2 |       ||     2
         Kick              |       |     4 ||     4
    Use: Scroll            |     7 |     4 ||    11
         Potion            |       |     1 ||     1
   Stab: Sleeping          |     3 |       ||     3
 Armour: Animal skin       |    46 |       ||    46
         Ring mail         |    16 |     1 ||    17
         Chain mail        |       |   115 ||   115
         Skin              |       |     8 ||     8
  Dodge: Dodged            |    62 |    44 ||   106
  Block: Other             |     8 |    30 ||    38

Table legend: (Time is in decaauts)
 A = Elapsed time spent in this place.
 B = Non-inter-level travel time spent in this place.
 C = Inter-level travel time spent in this place.
 D = Time resting spent in this place.
 E = Time spent auto-exploring this place.
 F = Levels seen in this place.
 G = Mean time per level.
                   A        B        C        D        E       F      G
               +--------+--------+--------+--------+--------+-----+--------+
         Total |   3655 |   3460 |    195 |    620 |   2212 |   5 |  731.0 |
       Dungeon |   3096 |   2901 |    195 |    226 |   2102 |   4 |  774.0 |
         Sewer |    559 |    559 |      0 |    394 |    110 |   1 |  559.0 |
               +--------+--------+--------+--------+--------+-----+--------+

Top non-repeatable levels by time:
     D:2: 1148 daAuts
     D:3: 898 daAuts
     D:1: 734 daAuts
   Sewer: 559 daAuts
     D:4: 315 daAuts
